AoeStats
← Forbraer

Arabia

505753323Analyzed
4v4 RM · 22d ago on Sep 10, 2026· 38m 28s· 8 players
Game mode
Random Map
Map size
Large (8 player)
Population
200
Speed
Normal
Resources
Standard
Victory
Conquest
Starting age
Dark Age
Ending age
Imperial Age
RankedLock teamsTeams togetherTeam positionsShared explorationLock speedFull tech treeHidden civsTurbo modeCheats
Victory
Defeat
🇧🇷 Lithuanians · Brazil
790
+15
🇧🇷 Khmer · Brazil
785
+15
🇧🇷 Magyars · Brazil
774
+16
🇧🇷 Romans · Brazil
714
+18
🇺🇸 Spanish · United States
795
-17
🇹🇷 Teutons · Türkiye
774
-16
🇲🇽 Persians · Mexico
763
-16
🇧🇷 Britons · Brazil
742
-15
JESUS CHRIST
2:22 Loom
13:10 Feudal Age
15:35 Feudal Age
24:27 Castle Age
24:58 Wheelbarrow
31:02 Husbandry
Rompe--Anos
0:27 Loom
12:57 Feudal Age
18:12 Castle Age
18:46 Pikeman
31:11 Double-Bit Axe
31:09 Horse Collar
serkanserpinli
15:27 Feudal Age
16:22 Horse Collar
18:47 Gold Mining
18:53 Stone Mining
19:04 Double-Bit Axe
19:50 Forging
20:16 Scale Mail Armor
21:33 Arson
27:32 Castle Age
30:41 Pikeman
31:22 Squires
31:09 Gambesons
35:28 Ballistics
36:14 Ironclad
36:16 Chain Mail Armor
36:36 Iron Casting
37:47 Padded Archer Armor
37:37 Fletching
Forbraer
0:31 Loom
12:41 Feudal Age
13:13 Horse Collar
24:29 Castle Age
22:55 Double-Bit Axe
25:59 Bow Saw
25:53 Heavy Plow
30:07 Elite Skirmisher
33:16 Gold Mining
Paulino
10:11 Feudal Age
8:26 Loom
16:57 Bloodlines
19:33 Scale Barding Armor
21:31 Forging
25:11 Castle Age
29:07 Husbandry
29:50 Iron Casting
29:36 Chain Barding Armor
Samurai_z
11:02 Feudal Age
9:22 Loom
11:31 Double-Bit Axe
11:29 Horse Collar
16:42 Town Watch
18:01 Bloodlines
18:18 Forging
19:48 Gold Mining
21:01 Stone Mining
21:47 Scale Barding Armor
24:36 Castle Age
24:11 Padded Archer Armor
24:01 Fletching
26:00 Wheelbarrow
25:47 Bow Saw
25:57 Husbandry
25:45 Crossbowman
27:20 Leather Archer Armor
32:26 Elite Skirmisher
35:03 Stone Shaft Mining
35:03 Gold Shaft Mining
36:13 Heavy Plow
37:53 Tusk Swords
Eriko_S.O
11:40 Feudal Age
9:58 Loom
14:27 Horse Collar
15:16 Man-at-Arms
16:42 Double-Bit Axe
18:19 Gold Mining
23:13 Stone Mining
24:31 Forging
24:22 Scale Mail Armor
24:28 Scale Barding Armor
26:56 Castle Age
25:42 Scale Barding Armor
28:44 Long Swordsman
28:46 Pikeman
36:12 Heavy Plow
aLaN_DiCKSoN
7:10 Loom
10:00 Feudal Age
13:42 Horse Collar
17:05 Double-Bit Axe
24:06 Castle Age
22:30 Gold Mining
22:34 Fletching
22:44 Padded Archer Armor
24:22 Bloodlines
24:23 Crossbowman
24:24 Elite Skirmisher
26:34 Husbandry
27:13 Wheelbarrow
29:01 Thumb Ring
34:04 Padded Archer Armor
34:05 Scale Mail Armor
36:50 Scale Barding Armor
36:40 Bodkin Arrow
37:00 Leather Archer Armor
Connection lost

Rejoining the realm…

Still unreachable

The connection could not be restored.

Session expired

The server has moved on; the page needs a fresh start.